 Dungeon Crawl Stone Soup version 0.21.1-1-g345015f (webtiles) character file.

11188 Supreme the Geomancer (level 11, -1/64 HPs)
             Began as a Gargoyle Earth Elementalist on Apr 16, 2018.
             Was a Priest of Vehumet.
             Killed from afar by a Hell Sentinel (36 damage)
             ... with damnation
             ... summoned by a deep elf demonologist
             ... on level 1 of the Abyss on Apr 18, 2018.
             The game lasted 02:22:04 (11032 turns).

Supreme the Geomancer (GrEE)                       Turns: 11032, Time: 02:22:06

Health: -1/64      AC: 18    Str: 12    XL:     11   Next: 73%
Magic:  23/25      EV: 18    Int: 19    God:    Vehumet [***...]
Gold:   414        SH:  0    Dex: 15    Spells: 11/30 levels left

rFire    . . .     SeeInvis .   w - +0 dagger (elec)
rCold    . . .     Gourm    .   (no shield)
rNeg     + + .     Faith    .   L - +2 leather armour {rN+}
rPois    ∞         Spirit   .   K - +0 helmet
rElec    +         Reflect  .   N - +0 cloak
rCorr    .         Harm     .   (no gloves)
MR       .....                  x - +0 pair of boots
Stlth    +++++.....             (no amulet)
HPRegen  0.20/turn              o - +4 ring of protection
MPRegen  0.19/turn              J - ring of stealth

@: agile
A: [blurry vision 2], [deformed body], negative energy resistance 1, electricity
resistance, unbreathing, petrification resistance, rot immunity, [subdued magic
2], AC +8
a: Renounce Religion


You were on level 1 of the Abyss.
You worshipped Vehumet.
Vehumet was most pleased with you.
You were not hungry.

You visited 2 branches of the dungeon, and saw 11 of its levels.
You visited the Abyss 1 time.
You also visited: Sewer.

You collected 822 gold pieces.
You spent 408 gold pieces at shops.

Inventory:

Hand Weapons
 p - a +0 mace of draining
 w - a +0 dagger of electrocution (weapon)
 A - a +2 short sword of venom
 H - a +0 blowgun
 Q - the +5 trident of Might {venom, +Blink rElec}
   (You found it on level 9 of the Dungeon)

   It poisons the flesh of those it strikes.
   It insulates you from electricity.
   It lets you blink.
Missiles
 b - 138 stones (quivered)
 G - 45 poisoned needles
Armour
 x - a +0 pair of boots (worn)
 K - a +0 helmet (worn)
 L - a +2 leather armour of positive energy (worn)
 N - a +0 cloak (worn)
Jewellery
 e - an uncursed ring of positive energy
 n - an uncursed ring of fire
 o - a +4 ring of protection (left hand)
 t - an uncursed ring of see invisible
 J - a ring of stealth (right hand)
 S - a +3 ring of dexterity
Wands
 f - a wand of polymorph (16)
 E - a wand of acid (10)
 M - a wand of flame (59)
 P - a wand of random effects (47)
 W - a wand of disintegration (26)
 X - a wand of paralysis (10)
Scrolls
 c - a scroll of immolation {unknown}
 g - a scroll of fog {unknown}
 k - 4 scrolls of amnesia {unknown}
 m - 10 scrolls of teleportation
 r - 2 scrolls of random uselessness {unknown}
 v - 2 scrolls of enchant armour
 y - 5 scrolls of remove curse
 B - 3 scrolls of enchant weapon {unknown}
 C - 3 scrolls of blinking {unknown}
 D - a scroll of noise {unknown}
 F - a scroll of fear {unknown}
 O - a scroll of silence {unknown}
 T - 2 scrolls of magic mapping {unknown}
 V - a scroll of vulnerability {unknown}
 Y - 3 scrolls of summoning
Potions
 a - 4 potions of haste
 h - 9 potions of curing
 j - 3 potions of magic
 l - 2 potions of agility
 q - a potion of flight
 s - 3 potions of lignification
 u - 9 potions of heal wounds
 I - 2 potions of berserk rage
 R - a potion of cancellation
 U - a potion of brilliance {unknown}
Books
 i - a book of Flames

   Spells                             Type                      Level
   a - Flame Tongue                   Conjuration/Fire             1
   b - Throw Flame                    Conjuration/Fire             2
   c - Conjure Flame                  Conjuration/Fire             3
   d - Inner Flame                    Hexes/Fire                   3
   e - Sticky Flame                   Conjuration/Fire             4
   f - Fireball                       Conjuration/Fire             5
 z - a book of Maledictions

   Spells                             Type                      Level
   a - Corona                         Hexes                        1
   b - Ensorcelled Hibernation        Hexes/Ice                    2
   c - Confuse                        Hexes                        3
   d - Tukima's Dance                 Hexes                        3
   e - Dazzling Spray                 Conjuration/Hexes            3
 Z - a book of Geomancy

   Spells                             Type                      Level
   a - Sandblast                      Earth                        1
   b - Passwall                       Transmutation/Earth          2
   c - Stone Arrow                    Conjuration/Earth            3
   d - Petrify                        Transmutation/Earth          4
   e - Lee's Rapid Deconstruction     Earth                        5
Comestibles
 d - 26 rations


   Skills:
 + Level 5.3 Fighting
 - Level 3.0 Dodging
 - Level 5.0 Stealth
 + Level 10.4 Spellcasting
 * Level 2.6 Conjurations
 + Level 4.2 Charms
 - Level 1.0 Transmutations
 + Level 0.1 Fire Magic
 + Level 13.5 Earth Magic


You had 11 spell levels left.
You knew the following spells:

 Your Spells              Type           Power        Failure   Level  Hunger
a - Sandblast             Erth           #####.       0%          1    None
b - Passwall              Tmut/Erth      ###.......   1%          2    None
c - Stone Arrow           Conj/Erth      ####..       1%          3    None
d - Lee's Rapid Deconstr  Erth           #####.....   1%          5    #####..
e - Shroud of Golubria    Chrm/Tloc      ##........   3%          2    None
f - Ozocubu's Armour      Chrm/Ice       ##......     8%          3    None
g - Conjure Flame         Conj/Fire      #.......     3%          3    None


Dungeon Overview and Level Annotations

Branches:
Dungeon (10/15)            Temple (1/1) D:7
   Lair: D:8-11         Orc: D:9-12

Altars:
Ashenzari
Cheibriados
Elyvilon
Fedhas
Hepliaklqana
Kikubaaqudgha
Makhleb
Nemelex Xobeh
Okawaru
Ru
Trog
Uskayaw
Vehumet
Xom
Zin
The Shining One

Annotations:
D:3 salinator123's ghost, amateur MiFi
D:10 Sonja


Innate Abilities, Weirdness & Mutations

You are resistant to torment.
Your stone body is resilient. (AC +8)
You are immune to poison.
You resist negative energy. (rN+)
You are resistant to electric shocks. (rElec)
You can survive without breathing.
You are immune to petrification.
You are immune to rotting.
[Scrolls take you longer to read.]
[Armour fits poorly on your strangely shaped body.]
[Your spells are easier to cast, but less powerful.]


Message History

The deep elf demonologist mumbles some strange words.
The deep elf demonologist gestures wildly while chanting.
You see here a glowing mace.
You can't carry that many items.
Drop what? 52/52 slots (_ for help) (? for menu, Esc to quit)
Okay, then.
Unknown command.
Drop what? 52/52 slots (_ for help) (? for menu, Esc to quit)
You drop a +0 whip of draining.
The deep elf demonologist gestures wildly while chanting.
The Hell Sentinel gestures at you.
The sphere of damnation explodes!
The damnation engulfs you!
You hear a shout!
p - a glowing mace The Hell Sentinel gestures at you.
The sphere of damnation explodes!
The damnation engulfs the Hell Sentinel.
The Hell Sentinel completely resists.
The damnation engulfs you!
Ouch! That really hurt!
You die...

#....##.....##......#
# ......#.#..#.###. #
##..##. ..#3#. # .
..#.#....###
###.##.e....#
#.##.1.#.#..##
#...............
#....1..###. ##.
#...#.@..# ### .##
###.## #.# #.. .### .
.


You could see 2 Hell Sentinels, a deep elf demonologist and a smoke demon.

Vanquished Creatures
  A tengu warrior (D:10)
  A two-headed ogre (D:8)
  An unseen horror (D:10)
  Maurice (D:10)
  2 centaur skeletons (D:10)
  An efreet (D:10)
  2 hornets (D:8)
  4 hippogriffs
  A wyvern (D:8)
  4 yaks (D:9)
  A fire bat (Abyss:1)
  A hungry ghost (D:8)
  A large abomination (Abyss:1)
  4 orc warriors
  2 sky beasts (D:7)
  A necrophage (D:7)
  5 ice beasts
  7 ogres
  5 centaurs
  3 big kobolds (Sewer)
  7 bullfrogs
  2 gnoll sergeants
  2 scorpions
  17 killer bees
  7 wights
  7 howler monkeys
  6 jellies
  2 crimson imps
  A centaur zombie (D:9)
  A bullfrog skeleton (D:4)
  5 orc priests
  2 gnoll shamans
  5 hounds
  8 orc wizards
  An iguana (D:8)
  9 worker ants
  A killer bee zombie (D:10)
  A hound skeleton (D:8)
  A howler monkey zombie (D:6)
  A worker ant zombie (D:8)
  15 gnolls
  A howler monkey skeleton (D:9)
  13 adders
  2 shadow imps
  11 oozes
  An adder zombie (D:9)
  An adder skeleton (D:9)
  5 worms
  3 dart slugs
  10 leopard geckos
  33 orcs
  4 ball pythons
  13 bats
  14 giant cockroaches
  8 goblins
  5 hobgoblins
  15 jackals
  4 quokkas
  4 frilled lizards
  27 kobolds
  A leopard gecko skeleton (D:7)
  A quokka skeleton (D:7)
  A quokka zombie (D:9)
  15 rats
341 creatures vanquished.

Vanquished Creatures (others)
  7 fungi (D:3)
  8 toadstools (D:3)
15 creatures vanquished.

Grand Total: 356 creatures vanquished

Notes
Turn   | Place    | Note
-------+----------+-------------------------------------------
     0 | D:1      | Supreme the Gargoyle Earth Elementalist began the quest for the Orb.
     0 | D:1      | Reached XP level 1. HP: 10/10 MP: 3/3
   131 | D:1      | Reached skill level 4 in Earth Magic
   142 | D:1      | Reached XP level 2. HP: 15/15 MP: 0/5
   146 | D:1      | Learned a level 2 spell: Passwall
   630 | D:1      | Reached XP level 3. HP: 11/19 MP: 4/6
   635 | D:1      | Learned a level 3 spell: Stone Arrow
  1153 | D:2      | Noticed a moth of wrath
  1155 | D:2      | Found a bloodstained altar of Trog.
  1552 | D:2      | Reached XP level 4. HP: 24/24 MP: 7/7
  1748 | D:3      | Noticed salinator123's ghost (amateur MiFi)
  1929 | D:3      | Reached skill level 5 in Earth Magic
  1954 | D:3      | Reached XP level 5. HP: 22/28 MP: 4/9
  2380 | D:3      | Noticed a centaur
  2394 | D:3      | Killed a centaur
  2394 | D:3      | Reached skill level 1 in Fighting
  2394 | D:3      | Reached skill level 6 in Earth Magic
  2394 | D:3      | Reached XP level 6. HP: 17/34 MP: 10/10
  2683 | D:3      | Learned a level 5 spell: Lee's Rapid Deconstruction
  2894 | D:4      | Reached XP level 7. HP: 38/39 MP: 12/12
  3100 | D:4      | Found a sacrificial altar of Ru.
  3200 | D:4      | Reached skill level 7 in Earth Magic
  3371 | D:5      | Entered Level 5 of the Dungeon
  3408 | D:5      | Reached skill level 5 in Stealth
  3476 | D:5      | Found a glowing golden altar of the Shining One.
  3488 | D:5      | Found a snail-covered altar of Cheibriados.
  3770 | D:5      | Reached XP level 8. HP: 45/45 MP: 14/14
  4348 | D:3      | HP: 1/45 [salinator123's ghost (10)]
  4482 | D:5      | Found a shimmering altar of Xom.
  4875 | D:6      | Reached skill level 5 in Spellcasting
  4900 | D:6      | Reached skill level 8 in Earth Magic
  4927 | D:6      | Reached skill level 1 in Transmutations
  5049 | D:6      | Reached skill level 9 in Earth Magic
  5286 | D:6      | Found a glowing drain.
  5295 | Sewer    | Entered a sewer
  5456 | Sewer    | Reached XP level 9. HP: 47/49 MP: 10/17
  5860 | D:6      | Found a white marble altar of Elyvilon.
  6084 | D:7      | Reached skill level 10 in Earth Magic
  6120 | D:7      | Learned a level 2 spell: Shroud of Golubria
  6124 | D:7      | Learned a level 3 spell: Ozocubu's Armour
  6736 | D:7      | Reached skill level 11 in Earth Magic
  6959 | D:7      | Found a staircase to the Ecumenical Temple.
  7013 | Temple   | Entered the Ecumenical Temple
  7019 | Temple   | Became a worshipper of Vehumet
  7138 | D:7      | Found a hide-covered altar of Uskayaw.
  7324 | D:7      | Found a blossoming altar of Fedhas.
  7592 | D:8      | Found a hazy altar of Hepliaklqana.
  7668 | D:8      | Reached XP level 10. HP: 36/56 MP: 12/20
  7798 | D:8      | Reached skill level 12 in Earth Magic
  7958 | D:8      | Reached * piety under Vehumet
  7958 | D:8      | Offered knowledge of Sting by Vehumet.
  8076 | D:8      | Reached skill level 1 in Charms
  8313 | D:8      | Noticed a two-headed ogre
  8350 | D:8      | Killed a two-headed ogre
  8392 | D:8      | Offered knowledge of Shock by Vehumet.
  8400 | D:8      | Reached ** piety under Vehumet
  8535 | D:8      | Found Idiotim's Magic Scroll Boutique.
  8599 | D:8      | Bought a scroll of enchant armour for 90 gold pieces
  8599 | D:8      | Bought a scroll of summoning for 114 gold pieces
  8599 | D:8      | Bought a scroll of identify for 24 gold pieces
  8599 | D:8      | Bought a scroll of teleportation for 36 gold pieces
  8599 | D:8      | Bought a scroll of remove curse for 36 gold pieces
  8599 | D:8      | Bought a scroll of teleportation for 36 gold pieces
  8599 | D:8      | Bought a scroll of remove curse for 36 gold pieces
  8599 | D:8      | Bought a scroll of remove curse for 36 gold pieces
  9288 | D:9      | Offered knowledge of Conjure Flame by Vehumet.
  9288 | D:9      | Reached XP level 11. HP: 59/62 MP: 24/24
  9293 | D:9      | Learned a level 3 spell: Conjure Flame
  9388 | D:9      | Reached skill level 13 in Earth Magic
  9415 | D:9      | Reached skill level 5 in Fighting
  9598 | D:9      | Reached skill level 1 in Conjurations
  9712 | D:9      | Reached *** piety under Vehumet
  9725 | D:9      | Got a polished trident
  9726 | D:9      | Identified the +5 trident of Might {venom, +Blink rElec} (You found it on level 9 of the Dungeon)
  9938 | D:10     | Entered Level 10 of the Dungeon
  9960 | D:10     | Noticed Maurice
 10003 | D:10     | Noticed a tengu warrior
 10050 | D:10     | Killed Maurice
 10563 | D:10     | Noticed Sonja
 10612 | D:10     | Reached skill level 10 in Spellcasting
 10624 | D:10     | Killed a tengu warrior
 10811 | D:10     | Noticed an unseen horror
 10819 | D:10     | Killed an unseen horror
 10865 | D:10     | Cast into level 1 of the Abyss (Sonja)
 10869 | Abyss:1  | Found a corrupted altar of Lugonu.
 10950 | Abyss:1  | Noticed a worldbinder
 10982 | Abyss:1  | Noticed a wretched star
 10982 | Abyss:1  | Noticed a large abomination
 10985 | Abyss:1  | Noticed a starcursed mass
 10986 | Abyss:1  | Noticed a wretched star
 10990 | Abyss:1  | Noticed a deep elf demonologist
 10990 | Abyss:1  | Noticed a wretched star
 10999 | Abyss:1  | Offered knowledge of Static Discharge by Vehumet.
 11029 | Abyss:1  | Noticed a Hell Sentinel
 11031 | Abyss:1  | Noticed a Hell Sentinel
 11032 | Abyss:1  | Killed from afar by a Hell Sentinel

Skill      XL: |  1  2  3  4  5  6  7  8  9 10 11 |
---------------+----------------------------------+-----
Earth Magic    | 4 5 6 7 9 11 12 13 | 13.5
Stealth        | 3 4 5 |  5.0
Dodging        | 2 3 |  3.0
Fighting       | 1 2 3 4 5 |  5.3
Spellcasting   | 3 4 5 7 9 10 | 10.4
Transmutations | 1 |  1.0
Charms         | 2 4 |  4.2
Conjurations   | 2 |  2.6
Fire Magic     | |  0.1

Action                   |  1- 3 |  4- 6 |  7- 9 | 10-12 || total
-------------------------+-------+-------+-------+-------++-------
Melee: Dagger            |   125 |     8 |   167 |   352 ||   652
       Short sword       |       |   126 |   224 |       ||   350
       Trident           |       |       |       |     2 ||     2
 Cast: Sandblast         |    27 |    23 |    94 |    45 ||   189
       Stone Arrow       |       |     1 |     3 |    30 ||    34
       Passwall          |       |     1 |    15 |     2 ||    18
       Shroud of Golubri |       |       |     1 |    32 ||    33
       Ozocubu's Armour  |       |       |     1 |    28 ||    29
       Lee's Rapid Decon |       |       |       |    10 ||    10
       Conjure Flame     |       |       |       |     4 ||     4
Evoke: Wand              |       |       |       |     1 ||     1
  Use: Scroll            |       |     2 |    10 |     4 ||    16
       Potion            |       |     1 |       |     3 ||     4
 Stab: Sleeping          |     7 |     3 |     9 |    14 ||    33
       Distracted        |       |     1 |     2 |     1 ||     4
  Eat: Chunk             |     3 |     4 |    16 |    12 ||    35
       Ration            |       |       |       |     1 ||     1
Armor: Robe              |    42 |    76 |   180 |   182 ||   480
       Leather armour    |       |       |       |   109 ||   109
Dodge: Dodged            |    73 |   103 |   284 |   368 ||   828
